Map: Dash and Terminal LE (Void)

Players

CunningStunt

  • Race: Terran Terran
  • League: Gold

BigDkBandit - Winner!

  • Race: Terran Terran
  • League: Silver

VOD

Have the link to the VOD?

Description

Time

  • Played on: Sept. 11, 2015, 9:38 a.m.
  • Length: 15:40
Show
View Real Time Build Order
Export as new Build Order

CunningStunt Terran 

Build Orders: Banshee Rush 

Get SALT Encoding   

  12  0:01  SCV  
  13  0:13  SCV  
  14  0:21  Supply Depot  
  14  0:25  SCV  
  15  0:43  SCV  
  15  0:44  Barracks  
  16  0:51  Refinery  
  16  0:55  SCV  
  17  1:07  Supply Depot, SCV  
  18  1:12  Refinery  
  18  1:19  SCV  
  19  1:35  Orbital Command  
  19  1:41  Marine  
  20  2:04  SCV  
  20  2:07  Marine  
  22  2:11  Factory  
  22  2:17  SCV  
  23  2:26  Marine  
  23  2:29  SCV  
  25  2:34  Supply Depot  
  25  2:43  Command Center  
  26  2:44  SCV  
  26  2:56  Factory Tech Lab  
  26  2:57  Starport  
  26  3:00  SCV  
  27  3:12  SCV  
  28  3:22  Marine  
  28  3:24  SCV  
  30  3:36  SCV  
  30  3:41  Factory Reactor  
  31  3:42  Banshee  
  31  3:44  Cloaking Field  
  31  3:48  Marine  
  35  3:51  SCV  
  36  3:56  Orbital Command  
  36  4:00  Starport  
  36  4:07  Marine  
  37  4:33  Banshee  
  40  4:43  SCV  
  41  4:46  Liberator x2  
  41  4:56  Marine  
  42  5:06  Factory Reactor  
  48  5:08  Orbital Command  
  48  5:16  Banshee  
  48  5:18  Marine  
  52  5:35  Marine  
  52  5:37  SCV x2  
  55  5:45  Barracks  
  55  5:46  Barracks  
  55  5:48  Barracks  
  55  5:49  SCV  
  56  6:08  Armory  
  56  6:09  Liberator  
  56  6:10  Supply Depot  
  56  6:14  Liberator  
  56  6:23  Banshee  
  65  6:40  SCV x2  
  65  6:44  Refinery  
  67  6:47  Refinery  
  67  6:52  SCV  
  68  6:55  Barracks Reactor  
  68  6:56  Barracks Tech Lab  
  68  6:57  Barracks Reactor  
  68  6:58  Command Center  
  68  6:59  Barracks Reactor  
  68  7:03  Supply Depot  
  68  7:05  Liberator  
  68  7:07  SCV  
  68  7:08  SCV  
  70  7:20  SCV x2  
  51  8:06  Liberator x2  
  51  8:11  Marine x7  
  49  8:13  SCV  
  49  8:14  SCV  
  49  8:18  Refinery  
  51  8:26  SCV, Raven  
  60  8:28  Marine, Terran Ship Weapons Level 1  
  60  8:29  Marine  
  62  8:37  Orbital Command  
  62  8:43  Refinery  
  62  8:48  Command Center  
  62  8:51  Marine x6  
  62  8:52  Marine  
  69  9:17  Liberator x2  
  69  9:36  Banshee  
  78  9:54  Engineering Bay  
  78  9:55  SCV x3  
  78  9:58  Marine x7  
  88  10:07  SCV x3  
  88  10:08  Barracks  
  88  10:09  Liberator x2  
  88  10:11  Barracks x3  
  88  10:12  Barracks  
  91  10:16  Marine x4  
  95  10:28  Supply Depot x2  
  101  10:30  Terran Ship Weapons Level 2, Supply Depot  
  101  10:32  Supply Depot x2  
  101  10:33  Supply Depot  
  93  11:08  SCV x3  
  96  11:13  Viking x2  
  100  11:20  SCV x3  
  103  11:38  Viking  
  105  11:43  Viking  
  95  12:13  Stimpack  
  92  12:30  Marine x4  
  92  12:31  Marine  
  92  12:34  Barracks Reactor x2  
  92  12:35  Barracks Reactor  
  92  12:36  Barracks Reactor  
  97  12:41  Command Center  
  97  12:42  Refinery  
  97  12:45  Engineering Bay  
  97  12:46  Refinery, Liberator x2  
  97  12:47  Liberator  
  97  12:48  Engineering Bay, Terran Ship Weapons Level 3  
  97  12:50  Armory  
  97  12:52  SCV x2  
  99  13:04  SCV x2  
  110  13:06  Marine x4  
  114  13:13  Marine x4  
  114  13:19  Marine  
  118  13:20  SCV  
  118  13:21  Command Center  
  118  13:26  Marine x4  
  118  13:27  Marine  
  124  13:29  Liberator  
  122  13:37  Liberator x2  
  109  13:52  Marine x7  
  73  13:59  Marine x2  
  73  14:00  Marine x3  
  78  14:12  Liberator  
  78  14:13  Combat Shields  
  78  14:20  Liberator  
  81  14:37  Viking  
  86  14:41  Planetary Fortress  
  83  14:46  Missile Turret  
  66  15:17  Marine x4  
Show
View Real Time Build Order
Export as new Build Order

BigDkBandit Terran - Winner!

Build Orders: Command Center First (CC), MMM Bio 

Get SALT Encoding   

  12  0:01  SCV  
  13  0:13  SCV  
  14  0:18  Supply Depot  
  14  0:25  SCV  
  15  0:40  SCV  
  16  0:52  SCV  
  17  1:02  Command Center  
  17  1:04  SCV  
  18  1:17  Barracks  
  18  1:19  SCV  
  19  1:34  Barracks  
  19  1:35  SCV  
  20  1:47  SCV  
  21  2:14  Marine  
  22  2:20  Barracks  
  22  2:23  Engineering Bay  
  22  2:25  Orbital Command  
  22  2:28  Refinery  
  22  2:30  Marine  
  22  2:31  Refinery  
  23  2:41  Bunker  
  23  2:43  SCV  
  24  2:48  Marine  
  24  2:49  Marine  
  26  2:53  SCV  
  27  3:04  SCV  
  28  3:07  SCV  
  28  3:08  Marine  
  28  3:12  Marine  
  31  3:13  Marine  
  31  3:18  SCV  
  33  3:24  SCV  
  34  3:30  Planetary Fortress  
  34  3:32  Marine x2  
  36  3:36  SCV  
  36  3:40  Supply Depot, Marine  
  38  3:51  Supply Depot  
  38  3:55  Factory  
  38  3:56  Barracks Tech Lab  
  38  3:57  Barracks Tech Lab  
  38  4:02  SCV  
  39  4:07  SCV  
  39  4:09  Barracks Reactor  
  40  4:10  Refinery x2  
  40  4:14  SCV  
  41  4:19  Marauder  
  41  4:20  SCV, Marauder  
  46  4:28  SCV  
  46  4:30  Missile Turret  
  47  4:34  SCV  
  47  4:35  Supply Depot  
  48  4:41  Factory Reactor  
  48  4:44  SCV  
  48  4:45  Starport  
  49  4:49  SCV  
  50  4:56  SCV  
  50  4:57  Marine x2  
  53  5:00  Stimpack  
  53  5:01  SCV  
  53  5:03  Combat Shields  
  54  5:09  Marauder  
  54  5:10  SCV  
  54  5:14  SCV  
  57  5:18  Marine x2  
  57  5:20  Marauder  
  61  5:28  SCV  
  62  5:36  SCV  
  62  5:37  Supply Depot  
  62  5:41  Command Center  
  63  5:49  Missile Turret  
  63  6:03  Viking x2  
  63  6:04  Missile Turret, Marine x3  
  62  6:24  Marine x2  
  62  6:25  Marauder x2  
  68  6:27  SCV  
  69  6:40  Supply Depot  
  69  6:45  Marine x2  
  69  6:46  Factory Reactor  
  71  6:47  Medivac  
  73  6:55  Marauder x2  
  73  6:57  SCV  
  78  7:14  Missile Turret  
  78  7:17  Supply Depot  
  78  7:20  Supply Depot  
  78  7:22  Orbital Command  
  78  7:27  Missile Turret  
  78  7:31  Terran Infantry Weapons Level 1  
  78  7:39  Engineering Bay  
  78  7:43  Missile Turret  
  78  7:47  Marine x4  
  78  7:48  Missile Turret  
  78  7:53  Concussive Shells  
  74  8:09  Marine x3  
  74  8:10  Marauder, Widow Mine x2  
  74  8:11  Medivac x2  
  74  8:12  SCV  
  86  8:13  SCV x2  
  88  8:27  Terran Infantry Armor Level 1  
  88  8:32  Armory  
  88  8:36  Supply Depot  
  88  8:38  Supply Depot  
  88  8:39  Marine x2  
  88  8:40  Widow Mine, Marauder x2  
  96  8:44  Widow Mine  
  96  8:46  SCV x3  
  101  8:59  Marine x2  
  101  9:00  Medivac  
  101  9:01  SCV, Medivac  
  101  9:02  SCV x2  
  110  9:09  Marauder x2  
  114  9:14  SCV  
  115  9:24  Marine  
  115  9:25  Widow Mine x2, Marine  
  121  9:41  Command Center, Terran Infantry Weapons Level 2  
  121  9:43  Marauder, Barracks, Marine x2  
  125  9:46  Barracks  
  125  10:04  Marauder, Marine x2  
  129  10:12  Starport  
  129  10:14  Barracks  
  129  10:15  Marauder, Widow Mine  
  133  10:51  Viking  
  133  10:52  Widow Mine  
  133  10:53  SCV x2, Viking  
  139  11:09  Barracks Reactor, Marine  
  139  11:10  Barracks Tech Lab x2  
  140  11:11  Starport Reactor  
  140  11:12  Marauder  
  140  11:13  Marauder  
  144  11:25  Planetary Fortress  
  144  11:26  Missile Turret  
  144  11:35  Marine  
  144  11:36  Marine x3  
  144  11:37  Marauder x2, Widow Mine  
  148  11:50  Supply Depot, Medivac x2, Widow Mine  
  142  11:59  Marine x4  
  142  12:00  Marauder  
  142  12:01  Marauder x3  
  143  12:07  Viking x2  
  141  12:20  Marine x3  
  141  12:21  Marine x2  
  141  12:22  Marauder, Terran Infantry Weapons Level 3, Terran Infantry Armor Level 2  
  130  12:30  Supply Depot  
  130  12:31  Terran Vehicle And Ship Armor Level 1  
  130  12:32  Supply Depot  
  129  12:38  Command Center  
  129  12:40  Missile Turret  
  129  12:42  Missile Turret  
  129  12:43  Missile Turret  
  129  12:45  Refinery  
  129  12:46  Refinery  
  129  12:47  Marine x3  
  129  12:48  Refinery, Marine x5  
  129  12:50  Refinery  
  137  12:56  Widow Mine x2  
  137  12:57  Viking x2  
  145  13:05  Marine  
  146  13:06  Marauder x2  
  146  13:07  Marauder  
  146  13:11  SCV  
  153  13:20  Marine x4  
  153  13:23  SCV  
  158  13:28  Marauder  
  158  13:32  Barracks  
  158  13:35  SCV  
  140  14:04  Missile Turret  
  140  14:10  Medivac x3  
  146  14:23  Missile Turret, Widow Mine x2  
  146  14:27  Missile Turret  
  150  14:35  Starport  
  150  14:39  Marine x2  
  150  14:40  Marine  
Tags
 
Add a new tag
Caveats
  • Supply blocks, unpowered buildings, or Contaminate may cause inaccurate times.
  • Supply counts are checked every 10 seconds.